 Dungeon Crawl Stone Soup version 0.22-a0-353-g2d6336e (webtiles) character file.

887 kidcy the Conjurer (level 7, -6/36 HPs)
             Began as a Deep Elf Fire Elementalist on Apr 15, 2018.
             Was an Initiate of Gozag.
             Mangled by an ogre
             ... wielding a +0 giant club
              (15 damage)
             ... on level 5 of the Dungeon.
             The game lasted 00:11:02 (5183 turns).

kidcy the Conjurer (Deep Elf Fire Elementalist)     Turns: 5183, Time: 00:11:03

Health: -6/36      AC:  3    Str: 10    XL:     7   Next: 77%
Magic:  11/18      EV: 13    Int: 22    God:    Gozag
Gold:   210        SH:  3    Dex: 15    Spells: 3/18 levels left

rFire    . . .     SeeInvis .   e - +2 dagger (protect)
rCold    . . .     Gourm    .   (no shield)
rNeg     . . .     Faith    .   a - +1 robe
rPois    .         Spirit   .   (no helmet)
rElec    .         Reflect  +   (no cloak)
rCorr    .         Harm     .   (no gloves)
MR       .....                  (no boots)
Stlth    ++........             m - +3 amulet of reflection
HPRegen  0.12/turn              l - +5 ring of strength
MPRegen  0.16/turn              (no ring)

@: no status effects
A: no striking features
a: Potion Petition, Call Merchant, Bribe Branch, Renounce Religion


You were on level 5 of the Dungeon.
You worshipped Gozag.
Gozag was aware of your devotion.
You were not hungry.

You visited 2 branches of the dungeon, and saw 6 of its levels.

You collected 255 gold pieces.
You paid 45 gold pieces to Gozag.

Inventory:

Hand Weapons
 e - a +2 dagger of protection (weapon)
Armour
 a - a +1 robe (worn)
Jewellery
 d - an uncursed amulet of guardian spirit
 l - a +5 ring of strength (left hand)
 m - a +3 amulet of reflection (around neck)
Wands
 k - a wand of acid (7)
Scrolls
 i - 6 scrolls of remove curse
 q - 2 scrolls of enchant armour
 r - 2 scrolls of identify
 s - a scroll of fear
 u - 2 scrolls of teleportation
Potions
 f - 2 potions of mutation
 g - a potion of haste
 h - 2 potions of lignification {unknown}
 j - a potion of flight {unknown}
 n - a potion of degeneration {unknown}
 o - a potion of brilliance {unknown}
 p - a potion of ambrosia {unknown}
 t - a potion of curing {unknown}
Comestibles
 c - 8 rations


   Skills:
 - Level 2.4 Dodging
 - Level 2.4 Stealth
 + Level 6.4 Spellcasting
 * Level 6.9 Conjurations
 + Level 5.8 Fire Magic


You had 3 spell levels left.
You knew the following spells:

 Your Spells              Type           Power        Failure   Level  Hunger
a - Flame Tongue          Conj/Fire      #####        1%          1    None
b - Throw Flame           Conj/Fire      #####.       1%          2    None
c - Conjure Flame         Conj/Fire      #####...     1%          3    #......
d - Sticky Flame          Conj/Fire      #####...     6%          4    ###....
e - Fireball              Conj/Fire      #####.....   17%         5    #####..


Dungeon Overview and Level Annotations

Branches:
Dungeon (5/15)             Temple (1/1) D:4

Altars:
Ashenzari
Cheibriados
Dithmenos
Elyvilon
Gozag
Kikubaaqudgha
Okawaru
Uskayaw
Zin

Annotations:
D:1 1 runed door


Message History

Press: ? - help, Shift-Dir - straight line, f - ogre, p - bullfrog skeleton
Aim: an ogre, wielding a giant club The sticky flame hits the ogre.
The ogre is lightly wounded.
The ogre is covered in liquid flames!
The bullfrog skeleton burns!
The ogre burns!
The bullfrog skeleton closely misses you.
The ogre hits you with a giant club!
* * * LOW HITPOINT WARNING * * *
The bullfrog skeleton hits you!
* * * LOW HITPOINT WARNING * * *
The bullfrog skeleton burns!
The ogre burns!
Found a ring mail.
The bullfrog skeleton burns!
The bullfrog skeleton stops burning.
The ogre burns!
The ogre burns!
The bullfrog skeleton hits you.
* * * LOW HITPOINT WARNING * * *
The ogre burns!
The ogre hits you with a giant club!
You die...
Your body crumbles into a pile of gold.

.....$....$$>..#
....
#..............#
....
#......$...#........
#)...$.....#. #.###
#....<$........
#.#..$#..####.. #
#...#..# .. #OZ##..#
# #@###... #.# #.###
#.# .# #.# [.# ###


You could see an ogre (burning) and a bullfrog skeleton.

Vanquished Creatures
  A phantom (D:4)
  A necrophage (D:3)
  A crimson imp (D:4)
  5 orc priests
  Terence (D:1)
  Natasha (thrice) (D:2)
  5 orc wizards
  2 worker ants (D:4)
  A hound skeleton (D:4)
  10 adders
  3 oozes
  An adder skeleton (D:4)
  4 worms
  A dart slug (D:1)
  5 leopard geckos
  22 orcs
  3 giant cockroaches (D:2)
  5 goblins
  7 hobgoblins
  10 jackals
  11 kobolds
  A quokka (D:3)
  7 bats
  5 frilled lizards
  8 rats
123 creatures vanquished.

Notes
Turn   | Place    | Note
-------+----------+-------------------------------------------
     0 | D:1      | kidcy the Deep Elf Fire Elementalist began the quest for the Orb.
     0 | D:1      | Reached XP level 1. HP: 10/10 MP: 6/6
     1 | D:1      | Found a runed door.
   131 | D:1      | Reached XP level 2. HP: 15/15 MP: 5/8
   608 | D:1      | Reached XP level 3. HP: 19/19 MP: 3/10
   614 | D:1      | Learned a level 2 spell: Throw Flame
   618 | D:1      | Learned a level 3 spell: Conjure Flame
   961 | D:2      | Noticed Terence
   996 | D:1      | Killed Terence
  1193 | D:2      | Reached XP level 4. HP: 24/24 MP: 8/11
  1199 | D:2      | Learned a level 4 spell: Sticky Flame
  1206 | D:2      | Noticed Natasha
  1208 | D:2      | Killed Natasha
  1451 | D:2      | Noticed Natasha
  1457 | D:2      | Killed Natasha
  1457 | D:2      | Reached XP level 5. HP: 28/28 MP: 3/13
  1523 | D:2      | Noticed Natasha
  1526 | D:2      | Killed Natasha
  2553 | D:3      | Reached XP level 6. HP: 22/32 MP: 3/15
  2563 | D:3      | Reached skill level 5 in Spellcasting
  2897 | D:3      | Reached skill level 5 in Conjurations
  3128 | D:3      | Reached skill level 5 in Fire Magic
  3142 | D:3      | Learned a level 5 spell: Fireball
  3662 | D:4      | Reached XP level 7. HP: 30/36 MP: 0/17
  4204 | D:4      | Found a staircase to the Ecumenical Temple.
  4215 | Temple   | Entered the Ecumenical Temple
  4251 | Temple   | Became a worshipper of Gozag Ym Sagoz the Greedy
  4493 | D:4      | HP: 1/36 [orc priest/divine providence (12)]
  4509 | D:4      | Found an ancient bone altar of Kikubaaqudgha.
  4611 | D:4      | Found a shattered altar of Ashenzari.
  4815 | D:5      | Entered Level 5 of the Dungeon
  5183 | D:5      | Mangled by an ogre

Vault maps used:
D:1:      dpeg_arrival_caged_fury
D:2:      st_stairs_13, grunt_ministairs_6, uniq_terence, uniq_natasha
D:3:      minivault_4, skrybe_limestone_x
D:4:      lemuel_coloured_pillars_altar, lemuel_round_altar,
          minmay_temple_entry_statues_pillars, kennysheep_generic_room_3
D:5:      tgw_sif, first_ration, led_xom_imps, uniq_eustachio,
          uniq_blork_the_orc, uniq_grinder, uniq_edmund
Temple:   regret_index_temple_sphere_string

Skill      XL: |  1  2  3  4  5  6  7 |
---------------+----------------------+-----
Conjurations   | 2 3 4 5 6 |  6.9
Spellcasting   | 4 5 6 |  6.4
Fire Magic     | 4 5 |  5.8
Dodging        | |  2.4
Stealth        | |  2.4

Action                   |  1- 3 |  4- 6 |  7- 9 || total
-------------------------+-------+-------+-------++-------
Melee: Dagger            |    11 |     7 |    35 ||    53
 Cast: Flame Tongue      |    55 |   102 |    42 ||   199
       Conjure Flame     |     1 |     2 |       ||     3
       Throw Flame       |       |    18 |     5 ||    23
       Sticky Flame      |       |     6 |    18 ||    24
Evoke: Wand              |       |       |     1 ||     1
  Use: Scroll            |       |    10 |       ||    10
       Potion            |       |       |     1 ||     1
  Eat: Chunk             |     1 |     8 |     1 ||    10
       Ration            |       |       |     2 ||     2
Armor: Robe              |     5 |     7 |    11 ||    23
Dodge: Dodged            |    26 |    18 |    42 ||    86
Block: Other             |       |     5 |     2 ||     7

Table legend:
 A = Spawn XP
 B = Non-spawn XP
 C = Spawn XP percentage of total XP
 D = Spawn monster count
 E = Non-spawn monster count
 F = Spawn count percentage of total count
 G = Total turns spent on level
                    A         B        C        D         E        F      G
               +---------+---------+-------+---------+---------+-------+---------
         Total |       0 |    1268 |   0.0 |       0 |     123 |   0.0 |  5183
               +---------+---------+-------+---------+---------+-------+---------
           D:1 |       0 |      93 |   0.0 |       0 |      27 |   0.0 |  1370
           D:2 |       0 |     213 |   0.0 |       0 |      29 |   0.0 |  1361
           D:3 |       0 |     328 |   0.0 |       0 |      32 |   0.0 |   964
           D:4 |       0 |     496 |   0.0 |       0 |      25 |   0.0 |  1385
           D:5 |       0 |     138 |   0.0 |       0 |      10 |   0.0 |    53
               +---------+---------+-------+---------+---------+-------+---------
